 Dungeon Crawl Stone Soup version 0.28.0-45-g0d030f2227 (webtiles) character file.

Game seed: 4276031137525783207

26 nickcage the Vexing (level 2, 0/13 HPs)
             Began as a Spriggan Enchanter on Apr 13, 2022.
             Slain by Terence
             ... wielding a +0 flail
              (13 damage)
             ... on level 2 of the Dungeon.
             The game lasted 00:02:55 (1060 turns).

nickcage the Vexing (Spriggan Enchanter)            Turns: 1060, Time: 00:02:55

Health: 0/13       AC:  4    Str:  4    XL:     2   Next: 89%
Magic:  4/6        EV: 17    Int: 16    God:
Gold:   41         SH:  0    Dex: 15    Spells: 4/6 levels left

rFire   . . .      SeeInvis +   g - +1 short sword (venom)
rCold   . . .      Faith    .   (no shield)
rNeg    . . .      Spirit   .   b - +0 robe
rPois   .          Reflect  .   f - +2 hat
rElec   .          Harm     .   i - scarf {+Inv}
rCorr   .          Rampage  .   (gloves unavailable)
Will    .....                   (boots unavailable)
Stlth   +++.......              (no amulet)
HPRegen 0.04/turn               (no ring)
MPRegen 0.10/turn               (no ring)

@: very quick
A: very small, no large weapons, unfitting armour, see invisible, speed 3
a: Evoke Invisibility


You were on level 2 of the Dungeon.
You visited 1 branch of the dungeon, and saw 2 of its levels.

You collected 41 gold pieces.

Inventory:

Hand Weapons
 a - a +1 dagger
 g - a +1 short sword of venom (weapon)
Armour
 b - a +0 robe (worn)
 f - a +2 hat (worn)
 i - a scarf of invisibility (worn)
 j - a +0 pair of gloves
Scrolls
 d - a scroll of fog
 h - a scroll of immolation {unknown}
 k - 3 scrolls of teleportation {unknown}
Potions
 c - a potion of invisibility
 e - a potion of might


   Skills:
 - Level 1.1 Short Blades
 - Level 2.6 Dodging
 - Level 4.4 Stealth
 - Level 2.6 Spellcasting
 + Level 5.0 Hexes


You had 4 spell levels left.
You knew the following spells:

 Your Spells              Type           Power      Damage    Failure   Level
a - Ensorcelled Hibernat  Hex/Ice        20%        N/A       11%         2

Your spell library contained the following spells:

 Spells                   Type           Power      Damage    Failure   Level
 Confusing Touch          Hex            18%        N/A       7%          3
 Tukima's Dance           Hex            18%        N/A       7%          3
 Dazzling Flash           Conj/Hex       20%        N/A       21%         3


Dungeon Overview and Level Annotations

Branches:
Dungeon (2/15)

Altars:

Shops:
D:1 !

Annotations:
D:2 Terence


Innate Abilities, Weirdness & Mutations

You are very small and have problems with some larger weapons.
You are too small for most types of armour.
You have supernaturally acute eyesight. (SInv)
You cover ground extremely quickly. (Speed+++)


Message History

You now have 41 gold pieces (gained 17).
You see here a ball python corpse.
You enter the shallow water.
Moving in this stuff is going to be slow.
k - 3 scrolls labelled DAMETIKHLENG
There is a stone staircase leading down here.
A dart slug comes into view.
The helpless dart slug fails to defend itself.
You puncture the dart slug!
You kill the dart slug!
Your Hexes skill increases to level 5!
There is a stone staircase leading down here.
There is a stone staircase leading down here.
Done exploring.
(D) Dungeon
Where to? (? - help)
There is a stone staircase leading down here.
You climb downwards.
There is a stone staircase leading up here.
Terence is nearby!
You hit Terence.
Terence is lightly wounded.
Terence closely misses you.
Terence looks drowsy...
The helpless Terence fails to defend himself.
You puncture Terence!
Terence is heavily wounded.
Terence says, "Don't bother to defend, it's useless."
Terence drinks a potion.
Terence seems to grow stronger.
You hit Terence.
Terence is poisoned.
Terence is severely wounded.
Terence closely misses you.
You closely miss Terence.
Terence is severely wounded.
Terence barely misses you.
You hit Terence but do no damage.
Terence is severely wounded.
Terence hits you with a +0 flail!
Ouch! That really hurt!
You die...

.## ....
.....####
........#
#<# #@#
#@# #.#
#.. ###


You could see Terence (strong, very poisoned).

Vanquished Creatures
  A dart slug (D:1)
  2 ball pythons (D:1)
  4 bats (D:1)
  3 giant cockroaches (D:1)
  A goblin (D:1)
  4 hobgoblins (D:1)
  2 kobolds (D:1)
  A frilled lizard (D:1)
  2 rats (D:1)
20 creatures vanquished.

Notes
Turn   | Place    | Note
-------+----------+-------------------------------------------
     0 | D:1      | nickcage the Spriggan Enchanter began the quest for the
                  | Orb.
     0 | D:1      | Reached XP level 1. HP: 9/9 MP: 5/5
   141 | D:1      | Reached skill level 4 in Hexes
   159 | D:1      | Reached XP level 2. HP: 11/13 MP: 6/6
   239 | D:1      | Found a faded altar of an unknown god.
   276 | D:1      | Learned a level 2 spell: Ensorcelled Hibernation
   473 | D:1      | Found Tenemel's Distillery.
   857 | D:1      | Reached skill level 5 in Hexes
  1053 | D:2      | Noticed Terence
  1060 | D:2      | Slain by Terence

Illustrated notes

Levels and vault maps discovered:
D:1:      lemuel_arrival_tunnels, layout_loops_ring,
          ebering_ecumenical_altar_hall, serial_shops, shop_statue,
          serial_bayou_pond_c
D:2:      layout_loops_ring, basic_altar, uniq_terence

Skill      XL: |  1  2 |
---------------+-------+-----
Hexes          | 4 5 |  5.0
Short Blades   | |  1.1
Dodging        | |  2.6
Stealth        | |  4.4
Spellcasting   | |  2.6

Action                   || total
-------------------------++-------
Melee: Dagger            ||    32
       Short sword       ||    11
 Cast: Ensorcelled Hiber ||     6
  Use: Scroll            ||     1
 Stab: Sleeping          ||    16
Armor: Robe              ||     2
Dodge: Dodged            ||    19
